[Event "ISR-ch Women 2018"]
[Site "Ma'alot-Tarshih"]
[Date "2018.12.16"]
[Round "5"]
[White "Brusilovski, Lena"]
[Black "Orian, Noga"]
[Result "0-1"]
[ECO "B94"]
[WhiteElo "1886"]
[BlackElo "1343"]
[Annotator "NA"]
[PlyCount "124"]
[EventDate "2018.12.11"]
[EventType "swiss"]
[EventCountry "ISR"]
[SourceTitle "playchess.com"]
[Source "ChessBase"]
[SourceQuality "1"]
[TimeControl "40/5400+30:1800+30"]

1. e4 c5 2. Nf3 d6 3. d4 cxd4 4. Nxd4 Nf6 5. Nc3 a6 6. Bg5 Nbd7 7. f4 Qb6 8. Nb3 h6 9. Bxf6 Nxf6 10. Qd4 Qxd4 11. Nxd4 g6 12. O-O-O Bg7 13. Be2 Bg4 14. Nf3 Bd7 15. Rhg1 Bc6 16. Bd3 Nd7 17. Nd5 Rc8 18. c3 Nf6 19. Nb6 Rc7 20. e5 dxe5 21. fxe5 Nd7 22. Nxd7 Bxd7 23. Rge1 e6 24. Be4 Bc6 25. Nd4 Bxe4 26. Rxe4 Ke7 27. Nb3 Rd8 28. Rxd8 Kxd8 29. Kd2 Rd7+ 30. Ke3 Rd5 31. h3 Rxe5 32. Rxe5 Bxe5 33. Nc5 Kc7 34. Ke4 Bf6 35. g4 Kc6 36. Nd3 b5 37. h4 Kd6 38. h5 gxh5 39. gxh5 Bg5 40. b3 f5+ 41. Kf3 e5 42. Nf2 Kd5 43. Ke2 Bh4 44. Nd3 a5 45. c4+ bxc4 46. bxc4+ Kd4 47. c5 e4 48. Nf4 Kxc5 49. Ne6+ Kb4 50. Nd4 f4 51. Nc6+ Ka4 52. Nd4 Ka3 53. Nf5 Bg5 54. Nd6 f3+ 55. Kf2 Bh4+ 56. Ke3 f2 57. Ke2 Kxa2 58. Nxe4 Kb3 59. Nd2+ Kb4 60. Nf3 Bg3 61. Nd4 a4 62. Nf5 a3 0-1

[Event "ISR-ch Women 2018"]
[Site "Ma'alot-Tarshih"]
[Date "2018.12.16"]
[Round "5"]
[White "Shaul Zeidner, Lyad"]
[Black "Levitan, Ronit"]
[Result "1-0"]
[ECO "C30"]
[WhiteElo "1671"]
[BlackElo "1875"]
[Annotator "NA"]
[PlyCount "145"]
[EventDate "2018.12.11"]
[EventType "swiss"]
[EventCountry "ISR"]
[SourceTitle "playchess.com"]
[Source "ChessBase"]
[SourceQuality "1"]
[TimeControl "40/5400+30:1800+30"]

1. e4 e5 2. Bc4 Nf6 3. d3 Bc5 4. Nc3 Nc6 5. f4 d6 6. Nf3 Bg4 7. Na4 Bb6 8. Nxb6 axb6 9. c3 Na5 10. Bb5+ c6 11. Ba4 Bxf3 12. Qxf3 exf4 13. Bxf4 O-O 14. Bc2 c5 15. O-O Qd7 16. Bg5 Ne8 17. Qg3 f6 18. Bd2 Nc6 19. Bd1 Nc7 20. Bf4 Rfd8 21. Bg4 Qe7 22. Rf2 Ne5 23. Bf5 Ne6 24. Qh3 Nf8 25. d4 Neg6 26. Bd2 d5 27. Re1 dxe4 28. Rxe4 Qf7 29. a3 Ra6 30. Be3 Qc7 31. Be6+ Kh8 32. Bc4 Raa8 33. d5 Re8 34. Rxe8 Rxe8 35. Bd2 Rd8 36. Re2 b5 37. Bxb5 Rxd5 38. Qf3 Rd8 39. Qf2 Qd6 40. Qe1 c4 41. Be3 Ne5 42. Rd2 Qc7 43. Rxd8 Qxd8 44. Qd2 Qc7 45. a4 h6 46. Bf4 Nfg6 47. Bg3 Qb6+ 48. Qd4 Qe6 49. h3 Kh7 50. Kh2 Kh8 51. Kg1 h5 52. Kh2 b6 53. Bf2 Nd3 54. Bxc4 Qe5+ 55. Qxe5 Ndxe5 56. Bb5 Ne7 57. Bxb6 Nd5 58. a5 Kh7 59. Bd4 Nc7 60. Bxe5 Nxb5 61. Bd4 Nc7 62. b4 Kg6 63. Kg3 Kf5 64. Kf3 g5 65. g4+ hxg4+ 66. hxg4+ Ke6 67. c4 f5 68. b5 fxg4+ 69. Kxg4 Kd7 70. a6 Kc8 71. Bg1 Ne6 72. b6 Nf8 73. b7+ 1-0

[Event "ISR-ch Women 2018"]
[Site "Ma'alot-Tarshih"]
[Date "2018.12.17"]
[Round "6"]
[White "Efroimski, Marsel"]
[Black "Klinova, Masha"]
[Result "1-0"]
[ECO "B09"]
[WhiteElo "2301"]
[BlackElo "2267"]
[Annotator "NA"]
[PlyCount "105"]
[EventDate "2018.12.12"]
[EventType "swiss"]
[EventCountry "ISR"]
[SourceTitle "playchess.com"]
[Source "ChessBase"]
[SourceQuality "1"]
[TimeControl "40/5400+30:1800+30"]

1. e4 d6 2. d4 Nf6 3. Nc3 g6 4. f4 Bg7 5. Nf3 c5 6. Bb5+ Bd7 7. Bxd7+ Qxd7 {[%emt 0:01:58] B09: Pirc Defence: Austrian Attack} (7... Nbxd7 8. d5 O-O 9. O-O b5 10. Qe1 b4 11. Nd1 Re8 12. e5 Nxd5 13. e6 Nf8 14. exf7+ Kxf7 15. Ng5+ Kg8 {0-1 (49) Piorun,K (2633)-Duda,J (2724) Brest 2018}) 8. dxc5 dxc5 9. Qxd7+ Nfxd7 {[%emt 0:07:43] LiveBook: 4 Games} 10. Nd5 (10. Nb5 $5 Na6 11. c3 $11) 10... Na6 11. Bd2 e6 12. Bc3 Bxc3+ $146 ({Black should try Predecessor:} 12... exd5 $15 13. Bxg7 Rg8 14. Bc3 dxe4 15. Ng5 {0-1 (32) Weiner,O-Blodig,R Tirschenreuth 1982}) 13. Nxc3 Ke7 14. O-O-O Rhd8 15. Rd2 Nb6 16. Rf2 f6 $16 (16... Nb4 $14) 17. Rhf1 Nb4 18. g4 Nc4 19. Re1 Nc6 20. b3 Nb6 21. f5 e5 22. fxg6 hxg6 23. Nh4 Rg8 24. Ref1 g5 25. Nf5+ Ke6 26. Ne3 Raf8 27. Ncd5 Nd7 28. Rd1 Rc8 29. a4 a6 30. Nf5 Nd4 31. Nfe7 Rh8 32. Nxc8 Rxc8 33. Rdf1 Rf8 34. Kb2 Nc6 35. c3 Ne7 36. Nxe7 Kxe7 37. Rd1 Rc8 38. h4 gxh4 39. Rh2 Rg8 40. Rxh4 Rg7 41. Rd5 b6 42. a5 bxa5 43. Rh8 a4 44. Ra8 axb3 45. Kxb3 c4+ 46. Kb4 Rxg4 47. Ra7 Rxe4 48. Raxd7+ Ke6 49. R5d6+ Kf5 50. Rf7 Kf4 51. Rfxf6+ Ke3 52. Rxa6 Rh4 53. Rfe6 1-0

[Event "ISR-ch Women 2018"]
[Site "Ma'alot-Tarshih"]
[Date "2018.12.17"]
[Round "6"]
[White "Nesterovskaya, Anzhelika"]
[Black "Lahav, Michal"]
[Result "1-0"]
[ECO "B22"]
[WhiteElo "2130"]
[BlackElo "2059"]
[Annotator "NA"]
[PlyCount "105"]
[EventDate "2018.12.12"]
[EventType "swiss"]
[EventCountry "ISR"]
[SourceTitle "playchess.com"]
[Source "ChessBase"]
[SourceQuality "1"]
[TimeControl "40/5400+30:1800+30"]

1. e4 e6 2. d4 d5 3. Nd2 Be7 4. Bd3 c5 5. c3 cxd4 6. cxd4 dxe4 7. Nxe4 Nf6 8. Nf3 Nc6 9. O-O {[%emt 0:00:00] LiveBook: 87 Games} O-O 10. Ng3 {[%emt 0:00:00] B22: Sicilian: 2 c3} Nb4 11. Bb1 b6 12. a3 Nbd5 13. Qe2 Bb7 14. Bd2 $146 ({Predecessor:} 14. Rd1 Rc8 15. Bd3 Rc7 16. Bd2 Qd6 17. Ne5 Rfc8 18. Rac1 {0-1 (39) Vlatkovic,M (2310)-Perunovic,M (2550) Sozina 2004}) 14... Rc8 15. Ne5 Nc7 16. Qe3 Nb5 $15 17. Ne2 g6 18. Bd3 Nd6 19. Ng3 Re8 20. Rfe1 Bf8 21. Qe2 Bg7 22. Rad1 Nf5 23. Nxf5 exf5 24. Bb5 Re6 25. Bg5 Qd6 26. Bxf6 Rxf6 27. Ba6 Bxa6 28. Qxa6 Qc7 29. d5 Rd6 30. Nc6 Bf6 31. b4 Kg7 32. h3 Qd7 33. Rd3 Re8 34. Red1 Ra8 35. a4 Qe8 36. a5 bxa5 37. Qxa5 Qd7 38. b5 Qc8 39. Qa3 Rd7 40. Qc5 Qb7 41. Ra3 Bd8 42. d6 Qb6 43. Qd5 Bf6 44. Ra6 Qb7 45. Qc4 Qc8 46. Qa4 Qe8 47. b6 Rc8 48. bxa7 Rxd6 49. Rxd6 Qe1+ 50. Kh2 Rxc6 51. Rdxc6 Be5+ 52. f4 Qd2 53. fxe5 1-0

[Event "ISR-ch Women 2018"]
[Site "Ma'alot-Tarshih"]
[Date "2018.12.17"]
[Round "6"]
[White "Haitovich, Avital"]
[Black "Shvayger, Yuliya"]
[Result "0-1"]
[ECO "A04"]
[WhiteElo "1979"]
[BlackElo "2393"]
[Annotator "NA"]
[PlyCount "84"]
[EventDate "2018.12.12"]
[EventType "swiss"]
[EventCountry "ISR"]
[SourceTitle "playchess.com"]
[Source "ChessBase"]
[SourceQuality "1"]
[TimeControl "40/5400+30:1800+30"]

1. Nf3 c5 2. g3 Nc6 3. Bg2 e5 4. d3 g6 5. e4 Bg7 6. O-O Nge7 7. Be3 d6 8. Qd2 O-O 9. Bh6 f5 10. c3 f4 11. Bxg7 Kxg7 12. d4 cxd4 13. cxd4 Bg4 {[%emt 0:00:02] LiveBook: 3 Games} 14. dxe5 Bxf3 15. Bxf3 Nxe5 16. Bh1 f3 17. Rd1 Rf6 18. Nc3 Qd7 $17 19. Qg5 Rd8 20. Nd5 Nxd5 21. Rxd5 h6 22. Qd2 Re8 23. h4 Qh3 24. Rxd6 Ng4 25. Bxf3 Rxd6 26. Bxg4 Qxg3+ 27. fxg3 Rxd2 28. b3 Rxe4 29. Bf3 Re3 30. Bxb7 Rxg3+ 31. Kf1 Rh3 32. Ke1 Rb2 33. Rc1 Rxa2 34. Rc7+ Kf8 35. Bd5 Rhh2 36. Rc1 Rxh4 37. Kf1 Rhh2 38. Kg1 Rhd2 39. Bc4 Rg2+ 40. Kh1 Rh2+ 41. Kg1 Rag2+ 42. Kf1 Rh1+ 0-1

[Event "ISR-ch Women 2018"]
[Site "Ma'alot-Tarshih"]
[Date "2018.12.17"]
[Round "6"]
[White "Buzukashvili, Sofia"]
[Black "Brusilovski, Lena"]
[Result "1-0"]
[ECO "E81"]
[WhiteElo "1963"]
[BlackElo "1886"]
[Annotator "NA"]
[PlyCount "117"]
[EventDate "2018.12.12"]
[EventType "swiss"]
[EventCountry "ISR"]
[SourceTitle "playchess.com"]
[Source "ChessBase"]
[SourceQuality "1"]
[TimeControl "40/5400+30:1800+30"]

1. c4 Nf6 2. d4 g6 3. f3 Bg7 4. e4 d6 5. Nc3 O-O 6. Be3 c6 7. Qd2 Re8 8. Nge2 Qc7 9. g4 e5 10. d5 a5 11. Ng3 Na6 12. h4 Nb4 (12... Nd7 $16 13. h5 Nac5) 13. h5 Bxg4 $2 (13... Nd7 14. O-O-O (14. hxg6 fxg6 15. Qh2 Nf8 $16) 14... Na6) 14. fxg4 Nxg4 15. Rc1 Nxe3 16. Qxe3 Rac8 (16... Qe7 $142 17. hxg6 fxg6) 17. Rg1 Qe7 $18 18. a3 cxd5 19. cxd5 Na6 20. Bxa6 bxa6 21. Rc2 Qh4 22. Rf2 Rc7 23. Rh1 Bh6 24. Qxh6 Qxg3 25. hxg6 fxg6 26. Rh3 Qg1+ 27. Rf1 Qg2 28. Rhf3 Rg7 29. R1f2 Qg1+ 30. Rf1 Qg2 31. R3f2 Qg3 32. Qh2 Qe3+ 33. Re2 Qc1+ 34. Nd1 Qb1 35. Qh3 Rc7 36. Rh1 Ree7 37. Qh6 Rc1 38. Qd2 Rec7 39. Kf2 R7c2 40. Qd3 Rxe2+ 41. Kxe2 Rc2+ 42. Ke1 Qc1 43. Rf1 Rxb2 44. Rf2 Rb8 45. Qh3 Qc8 46. Qxc8+ Rxc8 47. Rf6 Rd8 48. Ne3 Kg7 49. Re6 Rc8 50. Kd2 Kh6 51. Rxd6 Kg5 52. Rc6 Rb8 53. d6 Kf6 54. Nc4 Ke6 55. Rxa6 g5 56. Rxa5 g4 57. Rxe5+ Kf6 58. Rf5+ Kg6 59. Ne5+ 1-0

[Event "ISR-ch Women 2018"]
[Site "Ma'alot-Tarshih"]
[Date "2018.12.17"]
[Round "6"]
[White "Katkov, Michelle"]
[Black "Reprun, Nadejda"]
[Result "0-1"]
[ECO "D40"]
[WhiteElo "1887"]
[BlackElo "2016"]
[Annotator "NA"]
[PlyCount "92"]
[EventDate "2018.12.12"]
[EventType "swiss"]
[EventCountry "ISR"]
[SourceTitle "playchess.com"]
[Source "ChessBase"]
[SourceQuality "1"]
[TimeControl "40/5400+30:1800+30"]

1. e4 c6 2. d4 d5 3. exd5 cxd5 4. c4 Nf6 5. Nc3 e6 6. Bd3 dxc4 7. Bxc4 Be7 8. Nf3 O-O 9. O-O a6 10. a3 b5 11. Ba2 Bb7 12. Re1 {[%emt 0:03:04] D40: Queen's Gambit Declined: Semi-Tarrasch with 5 e3} Nbd7 (12... Nc6 13. d5 exd5 14. Nxd5 Nxd5 15. Bxd5 Bf6 16. Rb1 Na5 17. Bxb7 Nxb7 18. Be3 Qxd1 19. Rexd1 Rfc8 20. g4 Na5 {½-½ (56) Gashimov,V (2733)-Ivanchuk,V (2764) Warsaw 2010}) 13. Bg5 Nb6 14. Ne5 {[%emt 0:03:53] LiveBook: 5 Games} Nbd5 15. Qd3 Nxc3 16. bxc3 Rc8 17. Rad1 Bd5 $146 ({Predecessor:} 17... Nd5 18. Bd2 Bg5 19. c4 Bxd2 20. Qxd2 bxc4 {½-½ (20) Vujicic,M (2299)-Lecic,P (2166) Belgrade 2011}) 18. Bb1 g6 19. Qh3 Nh5 20. Bh6 Re8 21. Qg4 f5 $19 ({Stronger than} 21... Rxc3 22. Bxg6 fxg6 {[#]} 23. Nxg6 $1 $11 ) ({Inferior is} 21... Bxa3 22. Nxg6 $1 hxg6 23. Bxg6 $1 $16 ) 22. Qh3 Bg5 23. Bxg5 Qxg5 24. Nf3 Qe7 25. Bxf5 Rxc3 26. Be4 Bxe4 27. Rxe4 Qf6 28. Qg4 Qf5 29. Qxf5 gxf5 30. Re3 Rxe3 31. fxe3 Rc8 32. Rd3 Nf6 33. Kf2 Rc2+ 34. Kf1 Kf7 35. Ne1 Ra2 36. Rc3 Nd5 37. Rb3 a5 38. Rxb5 Nxe3+ 39. Kg1 Rxa3 40. Rb7+ Kf6 41. h4 h6 42. Ra7 Ra2 43. Kh2 Re2 44. Nf3 Rxg2+ 45. Kh3 Rg7 46. Rxa5 Nf1 0-1

[Event "ISR-ch Women 2018"]
[Site "Ma'alot-Tarshih"]
[Date "2018.12.17"]
[Round "6"]
[White "Levitan, Ronit"]
[Black "Ovechkin, Lilia"]
[Result "1-0"]
[ECO "B03"]
[WhiteElo "1875"]
[BlackElo "1779"]
[Annotator "NA"]
[PlyCount "83"]
[EventDate "2018.12.12"]
[EventType "swiss"]
[EventCountry "ISR"]
[SourceTitle "playchess.com"]
[Source "ChessBase"]
[SourceQuality "1"]
[TimeControl "40/5400+30:1800+30"]

1. e4 Nf6 2. e5 Nd5 3. d4 d6 4. Nf3 c6 5. Bc4 Bg4 6. Nc3 e6 7. Nxd5 exd5 8. Be2 Bxf3 9. Bxf3 dxe5 10. dxe5 Nd7 11. Bf4 Qb6 12. Rb1 Bc5 13. O-O O-O 14. c4 Bd4 15. cxd5 cxd5 16. Bxd5 Nxe5 17. Be4 Qf6 18. Bg3 Rad8 19. Qh5 g6 20. Qh6 b6 21. Bh4 Qe6 22. Bxd8 Ng4 23. Qh3 Qxe4 24. Bh4 f5 25. Qb3+ Kg7 26. Rbe1 Qf4 27. Bg3 Qg5 28. Qb4 Bc5 29. Qc3+ Kg8 30. Qc4+ Kg7 31. b4 f4 32. bxc5 fxg3 33. Qc3+ Kh6 34. Qxg3 bxc5 35. h3 Nf6 36. Qxg5+ Kxg5 37. Re5+ Kf4 38. Rxc5 Rf7 39. Rb1 Ke4 40. Rb4+ Kd3 41. Rf4 g5 42. Rf3+ 1-0

[Event "ISR-ch Women 2018"]
[Site "Ma'alot-Tarshih"]
[Date "2018.12.17"]
[Round "6"]
[White "Orian, Noga"]
[Black "Shaul Zeidner, Lyad"]
[Result "1-0"]
[ECO "D61"]
[WhiteElo "1343"]
[BlackElo "1671"]
[Annotator "NA"]
[PlyCount "149"]
[EventDate "2018.12.12"]
[EventType "swiss"]
[EventCountry "ISR"]
[SourceTitle "playchess.com"]
[Source "ChessBase"]
[SourceQuality "1"]
[TimeControl "40/5400+30:1800+30"]

1. d4 d5 2. c4 e6 3. Nc3 Nf6 4. Bg5 Be7 5. e3 Nbd7 6. Nf3 c6 7. Bd3 O-O 8. O-O Re8 9. Qc2 h6 10. Bf4 b6 11. cxd5 exd5 12. Nb5 Bb7 13. Nc7 Rc8 14. Nxe8 Qxe8 15. Rac1 Nh5 16. Qa4 a5 17. Bg3 Nxg3 18. hxg3 g6 19. a3 Bd6 20. Rfe1 f5 21. Qd1 Qf7 22. Qe2 Re8 23. Qc2 Nf6 24. Qb3 b5 25. Qc3 b4 26. Qb3 Rb8 27. Qa4 Qc7 28. axb4 Bxb4 29. Re2 Nd7 30. Bb5 Nb6 31. Qc2 Qd6 32. Bd3 Rf8 33. Ne5 Rf6 34. Qd1 Nc8 35. Rec2 Na7 36. Be2 h5 37. Nd3 Qf8 38. Nxb4 Qxb4 39. Qd2 Qa4 40. Rc5 Nb5 41. Bxb5 cxb5 42. Qc3 b4 43. Qc2 Qxc2 44. R1xc2 Ra6 45. Rc7 Rb6 46. R2c5 a4 47. Ra5 a3 48. bxa3 b3 49. Rc1 Ba6 50. Rb1 b2 51. Rxa6 Rxa6 52. Rxb2 Rxa3 53. Kf1 Ra7 54. Rb6 Kf7 55. Rd6 Ra5 56. Ke2 Kg7 57. Rc6 Ra7 58. Kf3 g5 59. Rc5 Rd7 60. Ke2 Rd6 61. f3 Kf6 62. Kd3 Ke6 63. e4 g4 64. exd5+ Rxd5 65. Rxd5 Kxd5 66. fxg4 hxg4 67. Ke3 Kc4 68. Kf4 Kxd4 69. Kxf5 Kd5 70. Kxg4 Ke6 71. Kh5 Kf7 72. Kh6 Kg8 73. g4 Kh8 74. g5 Kg8 75. g6 1-0

[Event "ISR-ch Women 2018"]
[Site "Ma'alot-Tarshih"]
[Date "2018.12.18"]
[Round "7"]
[White "Klinova, Masha"]
[Black "Nesterovskaya, Anzhelika"]
[Result "1/2-1/2"]
[ECO "B06"]
[WhiteElo "2267"]
[BlackElo "2130"]
[Annotator "NA"]
[PlyCount "50"]
[EventDate "2018.12.11"]
[EventType "swiss"]
[EventCountry "ISR"]
[SourceTitle "playchess.com"]
[Source "ChessBase"]
[SourceQuality "1"]
[TimeControl "40/5400+30:1800+30"]

1. e4 c5 2. Nf3 g6 3. c3 d5 4. exd5 Qxd5 5. d4 Bg7 6. Be2 cxd4 7. cxd4 Nf6 8. Nc3 Qa5 9. O-O O-O 10. Bf4 Nc6 11. Qb3 Qb4 12. Qxb4 Nxb4 13. a3 Nbd5 14. Be5 Rd8 15. Rfe1 b6 $11 16. Nxd5 Nxd5 17. Bc4 Bh6 18. Bg3 Kf8 19. h4 f6 20. Re2 a6 21. Bxd5 Rxd5 22. Bc7 b5 23. Bb6 Kf7 24. Bc5 e6 25. b4 Bb7 1/2-1/2

[Event "ISR-ch Women 2018"]
[Site "Ma'alot-Tarshih"]
[Date "2018.12.18"]
[Round "7"]
[White "Lahav, Michal"]
[Black "Vardi, Shlomit"]
[Result "1/2-1/2"]
[ECO "B07"]
[WhiteElo "2059"]
[BlackElo "1910"]
[Annotator "NA"]
[PlyCount "25"]
[EventDate "2018.12.11"]
[EventType "swiss"]
[EventCountry "ISR"]
[SourceTitle "playchess.com"]
[Source "ChessBase"]
[SourceQuality "1"]
[TimeControl "40/5400+30:1800+30"]

1. e4 d6 2. d4 g6 3. Nc3 Bg7 4. h3 c6 5. a4 Nd7 6. g3 Ngf6 7. Bg2 e5 8. Nge2 O-O 9. O-O Re8 10. Be3 exd4 11. Bxd4 Qa5 $14 12. Be3 Nc5 13. Qd2 1/2-1/2

[Event "ISR-ch Women 2018"]
[Site "Ma'alot-Tarshih"]
[Date "2018.12.18"]
[Round "7"]
[White "Reprun, Nadejda"]
[Black "Shvayger, Yuliya"]
[Result "1/2-1/2"]
[ECO "B84"]
[WhiteElo "2016"]
[BlackElo "2393"]
[Annotator "NA"]
[PlyCount "97"]
[EventDate "2018.12.11"]
[EventType "swiss"]
[EventCountry "ISR"]
[SourceTitle "playchess.com"]
[Source "ChessBase"]
[SourceQuality "1"]
[TimeControl "40/5400+30:1800+30"]

1. e4 c5 2. Nf3 d6 3. d4 cxd4 4. Nxd4 Nf6 5. Nc3 a6 6. Be2 e6 7. O-O Nbd7 8. a4 b6 9. f4 Bb7 10. Bf3 Qc7 {[%emt 0:05:28] LiveBook: 155 Games} 11. f5 {[%emt 0:07:44] B84: Sicilian Scheveningen: 6 Be2 a6, lines without early Be3} (11. Qe2 Rc8 12. Be3 h5 13. Bf2 Ng4 14. Bxg4 hxg4 15. Qxg4 Nf6 16. Qe2 Qc4 17. Rfe1 Qxe2 18. Rxe2 Ng4 19. Nf3 Nxf2 20. Kxf2 {½-½ (65) Karjakin,S (2783)-Nepomniachtchi,I (2751) chess.com INT 2017}) 11... e5 12. Nb3 h6 13. Qe1 Be7 14. Qg3 $146 ({Predecessor:} 14. Be3 g5 15. fxg6 fxg6 16. Qg3 g5 17. Qh3 O-O-O {1-0 (29) Radovanovic,D (2298)-Siebrecht,S (2379) Chania 1999}) 14... Kf8 15. Be3 Rc8 16. Qf2 Qd8 17. Rad1 Kg8 18. g4 (18. Qe2 $14) 18... Rc4 19. Nd2 Rc8 20. Nb3 Rh7 21. Qg2 Rc4 22. Nd2 Rc7 23. Nb3 (23. Rfe1 $14) 23... Qa8 24. Rf2 Rxc3 25. bxc3 Bxe4 26. h3 Rh8 27. c4 Kh7 28. a5 bxa5 29. Nxa5 Rc8 30. Rb1 $15 Nc5 31. Rff1 Kg8 32. Rb2 Na4 33. Bxe4 Qxe4 34. Qxe4 Nxe4 35. Rb4 Nac3 36. Rb6 Bd8 37. Rxa6 Bxa5 38. Rxa5 Rxc4 39. Kg2 d5 40. h4 d4 41. Bc1 Nc5 42. g5 Kh7 43. Ra7 N3e4 44. Rxf7 Rxc2+ 45. Kh3 Rc3+ 46. Kh2 Rc2+ 47. Kh3 Rc3+ 48. Kh2 Rc2+ 49. Kg1 1/2-1/2

[Event "ISR-ch Women 2018"]
[Site "Ma'alot-Tarshih"]
[Date "2018.12.18"]
[Round "7"]
[White "Buzukashvili, Sofia"]
[Black "Efroimski, Marsel"]
[Result "0-1"]
[ECO "A15"]
[WhiteElo "1963"]
[BlackElo "2301"]
[Annotator "NA"]
[PlyCount "110"]
[EventDate "2018.12.11"]
[EventType "swiss"]
[EventCountry "ISR"]
[SourceTitle "playchess.com"]
[Source "ChessBase"]
[SourceQuality "1"]
[TimeControl "40/5400+30:1800+30"]

1. Nf3 Nf6 2. c4 g6 3. g3 Bg7 4. Bg2 O-O 5. O-O d6 6. d4 Bf5 7. Nc3 Qc8 {[%emt 0:02:51] LiveBook: 12 Games} 8. b3 Bh3 9. Bb2 c6 10. Rc1 {[%emt 0:05:24] A15: English Opening: 1...Nf6} Bh6 $146 ({Predecessor:} 10... Bxg2 11. Kxg2 a5 12. e4 Na6 13. Qe2 Nc7 14. Rfd1 Ne6 15. d5 Nc5 16. Ba3 Nfd7 17. Ne1 Re8 {0-1 (51) Markowski,T (2598)-Efimenko,Z (2660) Plovdiv 2008}) 11. e3 Na6 12. d5 Nc7 13. Nd2 Bxg2 14. Kxg2 Bg7 15. dxc6 bxc6 16. Nce4 (16. f4 $11 {keeps the balance.}) 16... Nxe4 17. Bxg7 Nxf2 18. Rxf2 Kxg7 19. Qf3 c5 $17 20. Ne4 Qb7 21. Rd1 f5 22. Nc3 Qxf3+ 23. Rxf3 Rf6 24. Rf2 Re6 25. Rd3 Rb8 26. Re2 Re5 27. Kf2 Kf7 28. Red2 Na6 29. Nb5 Nb4 30. Rc3 a6 31. Nc7 Rb7 32. Nd5 Nxd5 33. cxd5 Re4 34. Rc4 Rxc4 35. bxc4 Rb4 36. Rc2 Kf6 37. Ke2 Ke5 38. Kf3 a5 39. h4 h5 40. Rc3 a4 41. Rc2 e6 42. dxe6 Kxe6 43. Rc3 d5 44. cxd5+ Kxd5 45. Rd3+ Kc4 46. Rd6 Rb2 47. Rxg6 Rxa2 48. Ra6 a3 49. Kf4 Rf2+ 50. Kg5 a2 51. Kxh5 Kb3 52. Ra5 c4 53. Kg6 Kb2 54. Rb5+ Kc1 55. Ra5 Kb1 0-1

[Event "ISR-ch Women 2018"]
[Site "Ma'alot-Tarshih"]
[Date "2018.12.18"]
[Round "7"]
[White "Levitan, Ronit"]
[Black "Haitovich, Avital"]
[Result "1/2-1/2"]
[ECO "B22"]
[WhiteElo "1875"]
[BlackElo "1979"]
[Annotator "NA"]
[PlyCount "90"]
[EventDate "2018.12.11"]
[EventType "swiss"]
[EventCountry "ISR"]
[SourceTitle "playchess.com"]
[Source "ChessBase"]
[SourceQuality "1"]
[TimeControl "40/5400+30:1800+30"]

1. e4 c5 2. c3 d6 3. d4 Qc7 4. Nf3 g6 5. Bd3 Bg7 6. d5 Nf6 7. O-O O-O 8. Re1 Nbd7 9. Nbd2 $14 Rb8 10. a4 b6 11. Nf1 Bb7 12. Bc2 Rfe8 13. Bf4 Nh5 14. Be3 e6 15. dxe6 fxe6 16. Ng3 Nxg3 17. hxg3 Nf6 18. Bf4 e5 19. Bg5 h6 20. Bxf6 Bxf6 21. Qd2 Kg7 22. g4 Qe7 23. Nh2 Bg5 24. Qd3 Rbd8 25. Rad1 Qf7 26. c4 Rf8 27. Qe2 Bc8 28. b3 Qe7 29. g3 Rf6 30. Bd3 Rdf8 31. Kg2 Qf7 32. Rf1 Qe6 33. f3 Rh8 34. Rh1 h5 35. Bc2 h4 36. Nf1 Qf7 37. gxh4 Rxh4 38. Rxh4 Bxh4 39. Ne3 Re6 40. Rh1 Bg5 41. Nd5 Re8 42. Qe1 Rf8 43. Qg3 Be6 44. Qh3 Bxd5 45. exd5 Qg8 1/2-1/2

[Event "ISR-ch Women 2018"]
[Site "Ma'alot-Tarshih"]
[Date "2018.12.18"]
[Round "7"]
[White "Ovechkin, Lilia"]
[Black "Orian, Noga"]
[Result "0-1"]
[ECO "D03"]
[WhiteElo "1779"]
[BlackElo "1343"]
[Annotator "NA"]
[PlyCount "92"]
[EventDate "2018.12.11"]
[EventType "swiss"]
[EventCountry "ISR"]
[SourceTitle "playchess.com"]
[Source "ChessBase"]
[SourceQuality "1"]
[TimeControl "40/5400+30:1800+30"]

1. d4 d5 2. Bg5 Nf6 3. e3 Bf5 4. Nf3 e6 5. Nbd2 Nbd7 6. c4 dxc4 7. Bxc4 c6 8. e4 Bg4 9. e5 h6 10. exf6 hxg5 11. fxg7 Bxg7 12. Qb3 Nb6 13. O-O-O Bh6 14. Rhe1 Nxc4 15. Qxc4 Qd6 16. Re4 Bf5 17. Re5 O-O-O 18. Rde1 g4 19. Ng1 Qxd4 20. Qxd4 Rxd4 21. Rd1 Rhd8 22. Re2 Bd3 23. Re3 Bxe3 24. fxe3 R4d5 25. b4 a5 26. bxa5 Rc5+ 27. Kb2 Bc2 28. Nb3 Bxb3 29. Rxd8+ Kxd8 30. axb3 Re5 31. Ne2 Rxe3 32. Nd4 e5 33. a6 bxa6 34. Nxc6+ Kc7 35. Nb4 Re2+ 36. Kc3 Rxg2 37. Nxa6+ Kb6 38. Nb8 Kc7 39. Na6+ Kd6 40. b4 Rxh2 41. Nc5 Kd5 42. Nd3 Rh3 43. Kd2 Rxd3+ 44. Kxd3 g3 45. Ke3 f5 46. Kf3 f4 0-1

[Event "ISR-ch Women 2018"]
[Site "Ma'alot-Tarshih"]
[Date "2018.12.18"]
[Round "7"]
[White "Shaul Zeidner, Lyad"]
[Black "Brusilovski, Lena"]
[Result "0-1"]
[ECO "B21"]
[WhiteElo "1671"]
[BlackElo "1886"]
[Annotator "NA"]
[PlyCount "110"]
[EventDate "2018.12.11"]
[EventType "swiss"]
[EventCountry "ISR"]
[SourceTitle "playchess.com"]
[Source "ChessBase"]
[SourceQuality "1"]
[TimeControl "40/5400+30:1800+30"]

1. e4 c5 2. d4 cxd4 3. c3 dxc3 4. Nxc3 Nc6 5. Bc4 Nf6 6. Nf3 d6 7. h3 e6 8. O-O Be7 9. Qe2 Nd7 10. Bf4 Nb6 11. Bb3 O-O 12. Rfd1 a6 13. Rac1 Na5 14. Bc2 Qc7 15. Bb1 $14 (15. e5 $18 dxe5 16. Nxe5) 15... Qb8 (15... Nc6 $1 $11 {remains equal.}) 16. Qc2 e5 17. Be3 Nbc4 18. Nd5 Bd8 19. Qe2 Nxe3 20. Nxe3 Be6 21. Qc2 b5 22. b3 Ra7 23. Qd2 Rd7 24. Qb4 h6 25. Nd5 Kh8 26. Nxe5 Rb7 27. Nc6 Nxc6 28. Rxc6 Rd7 29. a4 Bg5 30. Rxa6 bxa4 31. Qxb8 Rxb8 32. bxa4 f5 33. Nc3 Bb3 34. Bd3 Bxd1 35. Nxd1 fxe4 36. Bxe4 Re7 37. Bf3 Re1+ 38. Kh2 Rb3 39. Bd5 Rb8 40. Nc3 Bf6 41. Nb5 Rd1 42. Bf3 Rd2 43. Kg1 d5 44. Kf1 Rc8 45. Re6 d4 46. Ke1 Bg5 47. Kf1 d3 48. Nd6 Rc1+ 49. Re1 Ra2 50. Nf7+ Kg8 51. Nxg5 d2 52. Rd1 Raa1 53. Ne4 Rxd1+ 54. Bxd1 Rxd1+ 55. Ke2 Re1+ 0-1

[Event "ISR-ch Women 2018"]
[Site "Ma'alot-Tarshih"]
[Date "2018.12.19"]
[Round "8"]
[White "Shvayger, Yuliya"]
[Black "Katkov, Michelle"]
[Result "1/2-1/2"]
[ECO "C77"]
[WhiteElo "2393"]
[BlackElo "1887"]
[Annotator "NA"]
[PlyCount "96"]
[EventDate "2018.12.12"]
[EventType "swiss"]
[EventCountry "ISR"]
[SourceTitle "playchess.com"]
[Source "ChessBase"]
[SourceQuality "1"]
[TimeControl "40/5400+30:1800+30"]

1. e4 e5 2. Nf3 Nc6 3. Bb5 a6 4. Ba4 Nf6 5. d3 b5 6. Bb3 Bc5 7. Nc3 d6 {[%emt 0:00:56] C77: Ruy Lopez: 3...a6 4 Ba4 Nf6, unusual lines} 8. Nd5 h6 9. c3 (9. O-O O-O 10. Be3 Bxe3 11. fxe3 Na5 12. Nxf6+ Qxf6 13. Bd5 c6 14. Nd4 Qg5 15. Nxc6 Nxc6 16. Bxc6 Qxe3+ {½-½ (32) Anand,V (2760)-Mamedyarov,S (2808) Stavanger 2018}) 9... Nxd5 {[%emt 0:13:35] LiveBook: 3 Games} 10. Bxd5 Bd7 11. O-O Bb6 12. d4 Qf6 13. Be3 Rb8 14. a4 O-O $146 ({Predecessor:} 14... exd4 15. cxd4 {½-½ (76) Borisek,J (2565)-Makoto,R (2403) chess.com INT 2017}) 15. axb5 axb5 16. Ra6 exd4 17. Nxd4 Nxd4 18. Bxd4 Bxd4 19. cxd4 Qe7 20. Ra7 Rfc8 21. Qf3 Be6 22. Bb7 c5 23. Bxc8 Qxa7 24. Bxe6 fxe6 25. Qg4 Qe7 26. dxc5 dxc5 27. Rd1 Qf6 28. Qe2 Rd8 29. Rxd8+ Qxd8 30. Qxb5 Qd1+ 31. Qf1 Qc2 32. Qa1 Qxe4 33. h3 Qd4 34. Qc1 c4 35. Qc3 Qd5 36. Kh2 Qd6+ 37. g3 Qd5 38. Qe3 e5 39. h4 Qb5 40. Qd2 Qc5 41. Kg2 Qc6+ 42. Kg1 Qe4 $11 43. Qc3 Kf7 44. Kf1 Ke6 45. Kg1 h5 46. Qb4 g6 47. Qb6+ Kf7 48. Qb4 Qd4 1/2-1/2